[Event "Titled Tuesday Blitz March 22 Late 2022"]
[White "Ezat, Mohamed"]
[Black "Khanin, Semen"]
[WhiteFideId "10600906"]
[BlackFideId "4111990"]
[WhiteElo "2386"]
[BlackElo "2442"]
[Result "0-1"]
[Round "04"]
[TimeControl "180+1"]
[Date "2022.03.22"]
[WhiteClock "0:00:15"]
[BlackClock "0:00:11"]

1. d4 Nf6 2. c4 g6 3. Nc3 Bg7 4. e4 d6 5. Be2 O-O 6. Bg5 c5 7. d5 e6 8. Qd2 exd5 9. exd5 Qb6 10. Nf3 Bf5 11. Nh4 Ne4 12. Nxe4 Bxe4 13. f3 Qxb2 14. Rc1 Qxd2+ 15. Kxd2 Bf5 16. Nxf5 gxf5 17. Rb1 b6 18. Be7 Re8 19. Bxd6 Na6 20. a3 Rad8 21. Bf4 Be5 22. Bxe5 Rxe5 23. Bd3 f4 24. Rbe1 Rg5 25. Rhg1 b5 26. Re7 bxc4 27. Bxc4 Nb8 28. Kc3 Nd7 29. d6 Ne5 30. Rd1 Kf8 31. Ba2 Rxg2 32. Rxe5 Rxa2 33. Rh5 Rxa3+ 34. Kc4 Ra4+ 35. Kxc5 Ra5+ 36. Kc6 Rxh5 37. Kc7 Ra8 38. Kb7 Re8 39. d7 Re7 40. Kxa7 Rxh2 41. Kb6 Rb2+ 42. Kc5 Rc2+ 43. Kb4 Rxd7 44. Rxd7 Rf2 45. Rd3 Kg7 46. Kc4 Kg6 47. Kd4 Re2 48. Rd1 Re3 49. Rg1+ Kf5 50. Rf1 h5 51. Rh1 Kg5 52. Rg1+ Kh4 53. Rg7 f5 54. Rg6 Kh3 55. Rg5 h4 56. Rxf5 Kg3 57. Rg5+ Kxf3 58. Rh5 Kg4 59. Rh8 h3 60. Rg8+ Kf3 61. Rh8 Kg2 62. Rg8+ Rg3 63. Rf8 h2 64. Rh8 Rh3 65. Rg8+ Kf3 0-1


[Site "https://www.chess.com"]

[Event "Titled Tuesday Blitz March 22 Late 2022"]
[White "Fajdetic, Hrvoje"]
[Black "Reprintsev, Alexander"]
[WhiteFideId "14501945"]
[BlackFideId "14100541"]
[WhiteElo "2172"]
[BlackElo "2108"]
[Result "0-1"]
[Round "04"]
[TimeControl "180+1"]
[Date "2022.03.22"]
[WhiteClock "0:00:02"]
[BlackClock "0:01:19"]

1. d4 d5 2. Bf4 Nf6 3. e3 c5 4. Nc3 a6 5. Nce2 Nc6 6. c3 Nh5 7. Bg3 Nxg3 8. hxg3 e5 9. dxe5 Nxe5 10. Nf3 Nxf3+ 11. gxf3 b6 12. Nf4 Bb7 13. Qc2 h6 14. O-O-O Qd6 15. Bc4 d4 16. exd4 Bxf3 17. Rhe1+ Be7 18. Qf5 O-O 19. Bd3 g6 20. Nxg6 fxg6 21. Qe6+ Qxe6 22. Rxe6 Bxd1 23. Kxd1 Bf6 24. Bxg6 cxd4 25. c4 b5 26. c5 a5 27. c6 Bg7 28. f4 Rf6 29. Rxf6 Bxf6 30. Bf5 Bd8 31. Kd2 Bb6 0-1


[Site "https://www.chess.com"]

[Event "Titled Tuesday Blitz March 22 Late 2022"]
[White "Fedoseev, Vladimir"]
[Black "Costachi, Mihnea"]
[WhiteFideId "24130737"]
[BlackFideId "1217518"]
[WhiteElo "2726"]
[BlackElo "2464"]
[Result "1-0"]
[Round "04"]
[TimeControl "180+1"]
[Date "2022.03.22"]
[WhiteClock "0:00:19"]
[BlackClock "0:00:01"]

1. e4 e5 2. Nf3 Nc6 3. Bb5 a6 4. Ba4 d6 5. c3 Bd7 6. d4 g6 7. O-O Bg7 8. Re1 Nf6 9. Bc2 O-O 10. a4 exd4 11. Nxd4 Re8 12. Bf4 Ne5 13. Nd2 b5 14. N4f3 Nxf3+ 15. Qxf3 Bc6 16. Qd3 Qd7 17. a5 Re7 18. f3 Rae8 19. Nb3 Nh5 20. Bg5 f6 21. Bd2 Bf8 22. Nd4 Bb7 23. c4 c5 24. cxb5 cxd4 25. Bb3+ Kh8 26. bxa6 Ba8 27. Ba4 Bc6 28. Bxc6 Qxc6 29. b4 Rb8 30. Rec1 Qd7 31. Rab1 d5 32. b5 dxe4 33. fxe4 Rbe8 34. b6 Rxe4 35. b7 Bd6 36. a7 Qg4 37. b8=Q Bxb8 38. Rxb8 Rxb8 39. axb8=Q+ Kg7 40. Qb7+ Re7 41. Qxe7+ 1-0


[Site "https://www.chess.com"]

[Event "Titled Tuesday Blitz March 22 Late 2022"]
[White "Ferreira, Vitor Hugo Vieira"]
[Black "Akobian, Varuzhan"]
[WhiteFideId "2119765"]
[BlackFideId "13300580"]
[WhiteElo "2165"]
[BlackElo "2634"]
[Result "0-1"]
[Round "04"]
[TimeControl "180+1"]
[Date "2022.03.22"]
[WhiteClock "0:00:07"]
[BlackClock "0:00:13"]

1. e4 d6 2. d4 Nf6 3. Nc3 c6 4. Nf3 Bg4 5. Be2 e6 6. O-O d5 7. Ne5 Bxe2 8. Qxe2 Be7 9. exd5 exd5 10. Re1 O-O 11. Bf4 Re8 12. Rad1 Nbd7 13. h3 Bd6 14. Qf3 Qc7 15. Nxd7 Qxd7 16. Bg5 Rxe1+ 17. Rxe1 Re8 18. Rxe8+ Nxe8 19. Bf4 Qf5 20. Qe3 Kf8 21. Bxd6+ Nxd6 22. Qg3 Qe6 23. Ne2 g6 24. Nf4 Qe1+ 25. Kh2 Ne4 26. Qh4 Qxf2 27. Qd8+ Kg7 28. Qc7 Nd2 29. Qe5+ Kh6 30. Kh1 Ne4 31. Nd3 Qf6 32. Qe8 Kg7 33. c3 h5 34. Ne5 h4 35. Nd7 Qf1+ 36. Kh2 Qf4+ 37. Kg1 Ng3 38. Qe5+ Qxe5 39. Nxe5 Ne4 40. Nf3 g5 41. Kf1 f6 42. Ke2 Kg6 43. Kd3 Kf5 44. Ke3 Nd6 45. b3 Nb5 46. c4 Nd6 47. Nd2 g4 48. c5 Nf7 49. b4 Ng5 50. hxg4+ Kxg4 51. a4 Kg3 52. b5 Kxg2 53. Nb3 h3 54. Na5 h2 55. Nxb7 h1=Q 56. bxc6 Qe1+ 57. Kf4 Qe4# 0-1


[Site "https://www.chess.com"]

[Event "Titled Tuesday Blitz March 22 Late 2022"]
[White "Fieberg, Samuel"]
[Black "Vine, Elzbieta"]
[WhiteFideId "12901717"]
[BlackFideId "1119320"]
[WhiteElo "2458"]
[BlackElo "1834"]
[Result "1-0"]
[Round "04"]
[TimeControl "180+1"]
[Date "2022.03.22"]
[WhiteClock "0:00:38"]
[BlackClock "0:00:10"]

1. e4 c5 2. Nf3 a6 3. c3 Nf6 4. e5 Nd5 5. d4 e6 6. Be2 Nc6 7. O-O cxd4 8. cxd4 Be7 9. Nbd2 O-O 10. Ne4 d6 11. exd6 Bxd6 12. Nxd6 Qxd6 13. a3 b5 14. Re1 Bb7 15. Bf1 Rfd8 16. Bg5 f6 17. Bd2 Kf7 18. Rc1 Nf4 19. Qb3 Re8 20. Bxf4 Qxf4 21. d5 Na5 22. dxe6+ Kg8 23. Qe3 Qxe3 24. Rxe3 Nc6 25. g3 Re7 26. Bg2 Rae8 27. Rce1 Nd8 28. Nd4 Bxg2 29. Kxg2 g6 30. g4 Kg7 31. f4 h6 32. f5 g5 33. h4 gxh4 34. Kh3 Rh8 35. Kxh4 Rh7 36. Rc3 Rh8 37. Rd1 1-0


[Site "https://www.chess.com"]

[Event "Titled Tuesday Blitz March 22 Late 2022"]
[White "Gatterer, Florian"]
[Black "Borodavkin, Anatoly"]
[WhiteFideId "811688"]
[BlackFideId "14150662"]
[WhiteElo "2218"]
[BlackElo "1845"]
[Result "1-0"]
[Round "04"]
[TimeControl "180+1"]
[Date "2022.03.22"]
[WhiteClock "0:00:38"]
[BlackClock "0:00:03"]

1. e4 e5 2. Nf3 Nf6 3. Nc3 Bb4 4. Nxe5 O-O 5. Be2 d6 6. Nd3 Bxc3 7. dxc3 Nxe4 8. O-O Nc6 9. Be3 Bf5 10. Nf4 Ne5 11. Nd3 Qf6 12. Nxe5 dxe5 13. Bf3 c6 14. Qe2 Rfd8 15. Rad1 Bg6 16. Rxd8+ Rxd8 17. Bxe4 Bxe4 18. Bxa7 Qg6 19. f3 Bxc2 20. Qxe5 h6 21. Bd4 Kh7 22. Re1 Rd6 23. Qg3 Re6 24. Rxe6 fxe6 25. Qe5 Bd3 26. h4 h5 27. Kf2 Bf5 28. a4 Qf6 29. Qxf6 gxf6 30. Bxf6 Kg6 31. Be5 Bc2 32. a5 Kf5 33. Bc7 e5 34. Ke3 Bb1 35. b4 Ba2 36. g3 Bc4 37. Bb8 Bb5 38. Bd6 Bc4 39. Bc5 Bb5 40. Ba7 Bc4 41. Bb8 Bb5 42. g4+ hxg4 43. fxg4+ Kg6 44. Bxe5 Bc4 45. Kf4 Bb5 46. h5+ 1-0


[Site "https://www.chess.com"]

[Event "Titled Tuesday Blitz March 22 Late 2022"]
[White "Gokerkan, Cem Kaan"]
[Black "Ozates, Tuna"]
[WhiteFideId "6336760"]
[BlackFideId "6354521"]
[WhiteElo "2382"]
[BlackElo "1887"]
[Result "1-0"]
[Round "04"]
[TimeControl "180+1"]
[Date "2022.03.22"]
[WhiteClock "0:00:15"]
[BlackClock "0:00:10"]

1. c4 c5 2. Nf3 Nc6 3. e3 Nf6 4. d4 cxd4 5. exd4 d5 6. Nc3 Bg4 7. Be2 e6 8. h3 Bh5 9. O-O Be7 10. c5 Ne4 11. Be3 Bf6 12. Nxe4 dxe4 13. Nd2 Bxe2 14. Qxe2 Bxd4 15. Nxe4 O-O 16. Rfd1 e5 17. Nd6 Rb8 18. Bxd4 exd4 19. Rab1 b6 20. b4 bxc5 21. bxc5 Rxb1 22. Rxb1 Qg5 23. Qc4 Ne5 24. Qd5 Qf6 25. c6 Nf3+ 26. Kh1 Nd2 27. Rd1 Qxf2 28. c7 Qe2 29. Rxd2 Qxd2 30. Qxf7+ Rxf7 31. c8=Q+ Rf8 32. Qe6+ Kh8 33. Nf7+ 1-0


[Site "https://www.chess.com"]

[Event "Titled Tuesday Blitz March 22 Late 2022"]
[White "Golubka, Petro"]
[Black "Aravindh, Chithambaram VR."]
[WhiteFideId "14114224"]
[BlackFideId "5072786"]
[WhiteElo "2346"]
[BlackElo "2561"]
[Result "0-1"]
[Round "04"]
[TimeControl "180+1"]
[Date "2022.03.22"]
[WhiteClock "0:00:01"]
[BlackClock "0:00:05"]

1. d4 g6 2. h4 h5 3. e4 Bg7 4. c3 d6 5. Bg5 a6 6. a4 b6 7. Nd2 Bb7 8. Bd3 Nd7 9. Ngf3 Nh6 10. Qe2 Ng4 11. O-O-O c5 12. Kb1 O-O 13. Nb3 Qc7 14. Nfd2 b5 15. axb5 axb5 16. Bxb5 Nb6 17. f3 Nf6 18. dxc5 dxc5 19. Nc4 Rfb8 20. Nca5 Nbd7 21. Bxd7 Nxd7 22. Bxe7 Ba6 23. Qd2 Ne5 24. Bd6 Qb6 25. Bxb8 Rxb8 26. Qd6 Qb5 27. Qxc5 Qe8 28. Qa7 Bd3+ 29. Rxd3 Nxd3 30. Rd1 Ne5 31. Rd5 Bf6 32. Qa6 Kg7 33. Nd4 Qa4 34. Nc2 Qe8 35. Nb4 Ra8 36. Qb5 Qe6 37. Nac6 Nxc6 38. Qxc6 Qxc6 39. Nxc6 Bxh4 40. Kc2 Bg3 41. b4 Ra2+ 42. Kb3 Rxg2 43. b5 h4 44. b6 h3 45. b7 h2 46. e5 h1=Q 47. b8=Q Qb1+ 48. Kc4 Qa2+ 49. Qb3 Qa6+ 50. Qb5 Qc8 51. Kb3 Rg1 52. f4 Rb1+ 53. Kc4 Rxb5 54. Kxb5 Qb7+ 55. Kc5 Bf2+ 56. Kd6 Be1 57. c4 Qc8 58. Nd4 Bb4+ 59. c5 Qd8+ 60. Kc6 Qa8+ 61. Kd6 Ba5 62. c6 Qd8+ 63. Kc5 Qb6+ 64. Kc4 Qb4+ 65. Kd3 Bb6 0-1


[Site "https://www.chess.com"]

[Event "Titled Tuesday Blitz March 22 Late 2022"]
[White "Grigorov, Grigor"]
[Black "Sharafiev, Azat"]
[WhiteFideId "2907313"]
[BlackFideId "4186214"]
[WhiteElo "2510"]
[BlackElo "2299"]
[Result "0-1"]
[Round "04"]
[TimeControl "180+1"]
[Date "2022.03.22"]
[WhiteClock "0:00:02"]
[BlackClock "0:00:16"]

1. d4 Nf6 2. Nf3 g6 3. Bg5 Bg7 4. Nbd2 d5 5. e3 c5 6. Be2 b6 7. O-O O-O 8. c3 Ba6 9. b4 Bxe2 10. Qxe2 Ne4 11. Nxe4 dxe4 12. Nd2 cxb4 13. cxb4 h6 14. Bh4 f5 15. Qc4+ Kh7 16. Bg3 e5 17. Bxe5 Bxe5 18. dxe5 Qxd2 19. Rad1 Qb2 20. Qc7+ Kg8 21. Qb7 Na6 22. Qxa6 Qxe5 23. Qc4+ Rf7 24. Qc6 Qe8 25. Qxg6+ Rg7 26. Qxf5 Rg5 27. Qh3 Rh5 28. Qg3+ Kh8 29. Rd4 Qe6 30. Rfd1 Rg8 31. Rd8 Qxa2 32. Rxg8+ Qxg8 33. Qc7 Rd5 34. Rxd5 Qxd5 35. Qb8+ Kg7 36. Qxa7+ Kf8 37. Qb8+ Ke7 38. h3 b5 39. Kh2 Qc4 40. Qe5+ Kd7 41. Qb2 Kc6 42. Qd2 Qd3 43. Qc1+ Qc4 44. Qb2 Kd5 45. Kg3 Qc7+ 46. Kg4 Qc8+ 47. Kh5 Qf5+ 48. Kxh6 Kc4 49. Qd4+ Kb3 50. g4 Qf3 51. g5 Qxh3+ 52. Kg7 Qe6 53. g6 Qc4 54. Qd6 Qc2 0-1


[Site "https://www.chess.com"]

[Event "Titled Tuesday Blitz March 22 Late 2022"]
[White "Gulecyuz, Deniz"]
[Black "Saveliev, Alexei"]
[WhiteFideId "30921341"]
[BlackFideId "24128546"]
[WhiteElo "1923"]
[BlackElo "2281"]
[Result "0-1"]
[Round "04"]
[TimeControl "180+1"]
[Date "2022.03.22"]
[WhiteClock "0:00:13"]
[BlackClock "0:00:05"]

1. e4 g6 2. d4 Bg7 3. Bc4 d6 4. Bf4 Nc6 5. c3 Nf6 6. Nd2 O-O 7. Bb3 e5 8. Be3 exd4 9. cxd4 Ng4 10. Ngf3 Nxe3 11. fxe3 Na5 12. Bc2 c5 13. O-O Nc6 14. Nc4 b5 15. Na3 b4 16. Nc4 Ba6 17. Bb3 Na5 18. Rc1 Nxb3 19. axb3 Qe7 20. Qc2 Rac8 21. Rfd1 Bh6 22. Qd3 Rfe8 23. e5 d5 24. Ra1 dxc4 25. bxc4 cxd4 26. Rxa6 Bxe3+ 27. Kh1 Rc7 28. b3 Kg7 29. Rda1 Rd8 30. R1a4 Rcd7 31. h3 h5 32. Rc6 Rc7 33. Raa6 Rxc6 34. Rxc6 Qb7 35. Rc5 Qa6 36. Rd5 Rxd5 0-1


[Site "https://www.chess.com"]

[Event "Titled Tuesday Blitz March 22 Late 2022"]
[White "Hamitevici, Vladimir"]
[Black "Fiol, Fabrice"]
[WhiteFideId "13902393"]
[BlackFideId "611670"]
[WhiteElo "2359"]
[BlackElo "2443"]
[Result "1-0"]
[Round "04"]
[TimeControl "180+1"]
[Date "2022.03.22"]
[WhiteClock "0:00:21"]
[BlackClock "0:00:05"]

1. e4 c5 2. d3 e6 3. f4 d5 4. Be2 dxe4 5. dxe4 Qxd1+ 6. Bxd1 Nc6 7. c3 Nf6 8. Nd2 Be7 9. Bf3 e5 10. f5 g6 11. g4 gxf5 12. exf5 Rg8 13. h3 h5 14. Ne4 Nxe4 15. Bxe4 Bh4+ 16. Ke2 Bd7 17. Nf3 Bg3 18. Bg5 Bf4 19. Bf6 Kf8 20. Rad1 Be8 21. g5 Rc8 22. h4 Rc7 23. Rd6 Rd7 24. Rhd1 Rxd6 25. Rxd6 Na5 26. Rd8 Nc4 27. b3 Ne3 28. Nxe5 Bxe5 29. Bxe5 Ng4 30. Bd6+ Kg7 31. f6+ Kh8 32. c4 Bc6 33. Rxg8+ Kxg8 34. Bxc6 bxc6 35. Bxc5 Kh7 36. Bxa7 Kg6 37. a4 Ne5 38. a5 Nd7 39. a6 Kf5 40. Bf2 c5 41. Bxc5 Nxc5 42. a7 Nxb3 43. a8=Q Nd4+ 44. Ke3 Ne6 45. Qe4# 1-0


[Site "https://www.chess.com"]

[Event "Titled Tuesday Blitz March 22 Late 2022"]
[White "Havas, Ladislav"]
[Black "Godzwon, Iwo"]
[WhiteFideId "14501090"]
[BlackFideId "21802483"]
[WhiteElo "2206"]
[BlackElo "2201"]
[Result "0-1"]
[Round "04"]
[TimeControl "180+1"]
[Date "2022.03.22"]
[WhiteClock "0:00:13"]
[BlackClock "0:01:03"]

1. d4 Nf6 2. Bg5 d5 3. Bxf6 exf6 4. e3 Bd6 5. g3 O-O 6. Bg2 c6 7. Ne2 Bf5 8. O-O Re8 9. Nd2 Nd7 10. b3 Qa5 11. Nf3 Ba3 12. Nf4 Bb2 13. Rb1 Qxa2 14. Nd3 Bc3 15. Nh4 Be4 16. Bxe4 Rxe4 17. Nf5 Qa3 18. b4 g6 19. Nd6 Qa6 20. Nxe4 dxe4 21. Nc5 Nxc5 22. bxc5 Qc4 23. Rxb7 a5 24. Qb1 a4 25. Rb8+ Rxb8 26. Qxb8+ Kg7 27. Qa7 Bb2 28. Qb8 a3 29. Kg2 Qxc2 30. d5 cxd5 31. Qa7 Qc4 32. Rb1 d4 33. exd4 Qxd4 34. Qb6 e3 35. fxe3 Qe4+ 36. Kh3 Qxb1 37. c6 a2 38. c7 Qf5+ 39. g4 Qf3+ 40. Kh4 g5+ 41. Kh5 a1=Q 0-1


[Site "https://www.chess.com"]

[Event "Titled Tuesday Blitz March 22 Late 2022"]
[White "Hnydiuk, Aleksander"]
[Black "Thavandiran, Shiyam"]
[WhiteFideId "1109057"]
[BlackFideId "2605058"]
[WhiteElo "2374"]
[BlackElo "2357"]
[Result "0-1"]
[Round "04"]
[TimeControl "180+1"]
[Date "2022.03.22"]
[WhiteClock "0:00:42"]
[BlackClock "0:00:28"]

1. Nf3 Nf6 2. c4 c5 3. g3 e6 4. Bg2 a6 5. O-O Qc7 6. Nc3 Be7 7. b3 b6 8. d4 cxd4 9. Nxd4 Bb7 10. e4 d6 11. Be3 Nbd7 12. Rc1 Rc8 13. f4 O-O 14. g4 Nc5 15. Qc2 Nxg4 16. Bd2 Rfe8 17. Bf3 Nf6 18. Be3 Bf8 19. Qg2 Kh8 20. Kh1 e5 21. fxe5 Rxe5 22. Bf4 Ree8 23. Nd5 Bxd5 24. exd5 Nd3 0-1


[Site "https://www.chess.com"]

[Event "Titled Tuesday Blitz March 22 Late 2022"]
[White "Holt, Conrad"]
[Black "Deac, Bogdan-Daniel"]
[WhiteFideId "2034387"]
[BlackFideId "1226380"]
[WhiteElo "2586"]
[BlackElo "2646"]
[Result "0-1"]
[Round "04"]
[TimeControl "180+1"]
[Date "2022.03.22"]
[WhiteClock "0:00:02"]
[BlackClock "0:00:04"]

1. d4 Nf6 2. c4 g6 3. Nc3 d5 4. e3 Bg7 5. Qb3 c6 6. Nf3 O-O 7. Be2 a6 8. cxd5 cxd5 9. Ne5 e6 10. O-O Nbd7 11. f4 Ne8 12. Nxd7 Qxd7 13. Na4 Qd8 14. Bd2 Bd7 15. Bb4 Nd6 16. Bxd6 Bxa4 17. Qb4 a5 18. Qa3 Re8 19. Rfc1 Bc6 20. Rc2 f6 21. Bd3 e5 22. f5 e4 23. Be2 Qd7 24. Rf1 Red8 25. Bg3 Bf8 26. b4 axb4 27. Qc1 g5 28. h4 h6 29. hxg5 hxg5 30. Bg4 Ra3 31. Kh2 Bd6 32. Qe1 Kg7 33. Kg1 Rh8 34. Bxd6 Qxd6 35. g3 Rc3 36. Rxc3 bxc3 37. Kg2 c2 38. Qa5 Bd7 39. Rc1 Rc8 40. Qd2 Ba4 41. Be2 Qa3 42. Kf2 Qb2 43. Qe1 Qa3 44. Qd2 b5 45. Kg2 Qxa2 46. Qb4 Kf7 47. Rh1 c1=Q 0-1


[Site "https://www.chess.com"]

[Event "Titled Tuesday Blitz March 22 Late 2022"]
[White "Horak, Martin"]
[Black "Ottosen, David"]
[WhiteFideId "367095"]
[BlackFideId "2603080"]
[WhiteElo "1997"]
[BlackElo "2118"]
[Result "1-0"]
[Round "04"]
[TimeControl "180+1"]
[Date "2022.03.22"]
[WhiteClock "0:01:34"]
[BlackClock "0:02:26"]

1. d4 d5 2. c4 c6 3. Nf3 e6 4. Nc3 dxc4 5. a4 Bb4 6. g3 Nf6 7. Bg2 Nbd7 8. O-O O-O 9. Nd2 Bxc3 10. bxc3 Nd5 11. Qc2 c5 12. Nxc4 cxd4 13. cxd4 N7f6 14. e4 Nb4 15. Qd2 a5 16. Ba3 Qc7 17. Rac1 Bd7 18. Nxa5 Qxa5 19. Bxb4 Qxa4 20. Bxf8 Rxf8 21. Rc7 Bc6 22. d5 exd5 23. exd5 Rd8 24. dxc6 1-0


[Site "https://www.chess.com"]

[Event "Titled Tuesday Blitz March 22 Late 2022"]
[White "Ibarra Jerez, Jose Carlos"]
[Black "Niemann, Hans Moke"]
[WhiteFideId "2226332"]
[BlackFideId "2093596"]
[WhiteElo "2626"]
[BlackElo "2632"]
[Result "1-0"]
[Round "04"]
[TimeControl "180+1"]
[Date "2022.03.22"]
[WhiteClock "0:00:11"]
[BlackClock "0:00:44"]

1. e4 e6 2. d4 d5 3. Nc3 Nf6 4. Bg5 dxe4 5. Nxe4 Be7 6. Bxf6 gxf6 7. Nf3 f5 8. Nc3 a6 9. Qd2 b5 10. O-O-O b4 11. Na4 Qd5 12. b3 Bd7 13. Bc4 Qa5 14. d5 Bxa4 15. dxe6 fxe6 16. bxa4 Qxa4 17. Rhe1 Nd7 18. Rxe6 Qa3+ 19. Kb1 O-O-O 20. Rxa6 Qc3 21. Qd5 Nb8 22. Qxf5+ Rd7 23. Rxd7 Rf8 24. Rxc7+ Kxc7 25. Qa5+ Kd7 26. Ne5+ Qxe5 27. Qxe5 Nxa6 28. Bxa6 Bd6 29. Bb5+ Kc7 30. Qg7+ Kb6 31. Qh6 Kc5 32. Bd3 Re8 33. Kc1 Rf8 34. Qe3+ Kc6 35. Kd1 Bc5 36. Qe6+ Kc7 37. Be4 Bd6 38. Qc4+ Kd8 39. Ke2 Ke7 40. f3 Rf6 41. Qd5 Rh6 42. Qg5+ Rf6 43. Bxh7 Bf4 44. Qg7+ Rf7 45. Qxf7+ Kxf7 46. g3 Bd6 47. f4 Bc5 48. Kf3 Kg7 49. Bd3 Bd4 50. h4 b3 51. axb3 Bc3 1-0


[Site "https://www.chess.com"]

[Event "Titled Tuesday Blitz March 22 Late 2022"]
[White "Iskusnyh, Sergei"]
[Black "Weetik, Vjacheslav"]
[WhiteFideId "4120027"]
[BlackFideId "4153472"]
[WhiteElo "2492"]
[BlackElo "2469"]
[Result "1-0"]
[Round "04"]
[TimeControl "180+1"]
[Date "2022.03.22"]
[WhiteClock "0:00:58"]
[BlackClock "0:00:34"]

1. d4 Nf6 2. c4 g6 3. g3 Bg7 4. Bg2 O-O 5. Nc3 d6 6. Nf3 Nc6 7. O-O a6 8. d5 Na5 9. b3 c5 10. dxc6 bxc6 11. Bg5 h6 12. Be3 Rb8 13. Rc1 c5 14. Nd5 Ng4 15. Bd2 Nc6 16. h3 Nge5 17. Nxe5 Nxe5 18. Bc3 Bb7 19. Qd2 e6 20. Ne3 Bxg2 21. Kxg2 Qc7 22. Rfd1 Rbd8 23. f3 Qb7 24. Ng4 Nc6 25. Bxg7 Kxg7 26. Qxh6+ 1-0


[Site "https://www.chess.com"]

[Event "Titled Tuesday Blitz March 22 Late 2022"]
[White "Jacobson, Aaron"]
[Black "Kosteniuk, Alexandra"]
[WhiteFideId "2089912"]
[BlackFideId "4128125"]
[WhiteElo "2265"]
[BlackElo "2469"]
[Result "1/2-1/2"]
[Round "04"]
[TimeControl "180+1"]
[Date "2022.03.22"]
[WhiteClock "0:00:09"]
[BlackClock "0:00:06"]

1. e4 c6 2. d4 d5 3. exd5 cxd5 4. Nf3 Nc6 5. Ne5 Nxe5 6. dxe5 g6 7. Bb5+ Bd7 8. Qxd5 Bg7 9. Nc3 a6 10. Bc4 e6 11. Qxb7 Bxe5 12. O-O Ne7 13. Rd1 Rb8 14. Qxa6 O-O 15. Qa7 Bc7 16. Bg5 Re8 17. Qd4 Bc6 18. Qh4 Bd6 19. Bf6 Qc7 20. Bd3 Nf5 21. Bxf5 exf5 22. Nd5 Bxd5 23. Rxd5 Bf8 24. Rad1 Qxc2 25. h3 Re4 26. Qg3 Rbe8 27. a3 Re1+ 28. Rxe1 Rxe1+ 29. Kh2 Qc1 30. Qc3 Qf4+ 31. Qg3 Qc1 32. Qb8 Rh1+ 33. Kg3 f4+ 34. Qxf4 Qc6 35. Rd8 Qe6 36. Rxf8+ Kxf8 37. Qb4+ Ke8 38. Qb8+ Kd7 39. Qb7+ Kd6 40. Qb6+ Kd7 41. Qb7+ Kd6 42. Qb8+ Kd5 43. Qb3+ Kc6 44. Qc3+ Kd7 45. Be5 Qc6 46. Qd4+ Ke6 47. Bf6 Qd5 48. Qc3 Qd6+ 49. f4 Rd1 50. Be5 Rd3+ 51. Kh2 Rxc3 52. Bxd6 Rb3 53. Be5 f6 54. Bc3 Kf5 55. Kg3 h5 56. Kf3 h4 57. Ke3 Rb7 58. a4 Re7+ 59. Kf3 Re4 60. a5 Rxf4+ 61. Ke3 Rc4 62. a6 Rc6 63. a7 Ra6 64. Bd4 Ke6 65. b4 Ra3+ 66. Kf2 Kd7 67. b5 Kc7 68. b6+ Kb7 69. Ke2 f5 70. Bc5 Ra4 71. Bf2 g5 72. Kf3 g4+ 73. hxg4 fxg4+ 74. Ke2 g3 75. Be3 Ra2+ 76. Kf3 Ka8 77. Bc5 Kb7 78. Be3 Ra4 79. Bg1 Ra1 80. Bc5 Rh1 81. Kg4 Rh2 82. Kf3 Rh1 83. Bd4 Rd1 84. Bc5 Rd2 85. Be7 Rf2+ 86. Ke3 h3 87. gxh3 Rf7 88. Bc5 g2 89. Ke2 Rf1 90. h4 g1=Q 91. Bxg1 Rxg1 92. Kf3 Rg8 93. Kf4 Kxb6 94. h5 Kxa7 95. h6 Kb7 96. Kf5 Kc7 97. h7 Ra8 98. Kf6 Kd7 99. Kg7 Ke7 100. h8=Q Rxh8 101. Kxh8 1/2-1/2


[Site "https://www.chess.com"]

[Event "Titled Tuesday Blitz March 22 Late 2022"]
[White "Jacobson, Brandon"]
[Black "Palchuk, Andrii"]
[WhiteFideId "30901561"]
[BlackFideId "14176688"]
[WhiteElo "2362"]
[BlackElo "2319"]
[Result "1-0"]
[Round "04"]
[TimeControl "180+1"]
[Date "2022.03.22"]
[WhiteClock "0:02:37"]
[BlackClock "0:01:29"]

1. Nf3 Nf6 2. c4 b6 3. Nc3 Bb7 4. g3 c5 5. Bg2 e6 6. O-O Be7 7. Re1 d6 8. e4 O-O 9. d4 cxd4 10. Nxd4 Qc8 11. Be3 Nbd7 12. Rc1 a6 13. f4 Qc7 14. g4 Rfd8 15. g5 Ne8 16. f5 Nf8 17. Qg4 Kh8 18. fxe6 fxe6 19. Nxe6 Nxe6 20. Qxe6 Bc8 21. Qf7 Bxg5 1-0


[Site "https://www.chess.com"]

[Event "Titled Tuesday Blitz March 22 Late 2022"]
[White "Jaferian, Koosha"]
[Black "Jaracz, Pawel"]
[WhiteFideId "12507440"]
[BlackFideId "1102222"]
[WhiteElo "2030"]
[BlackElo "2429"]
[Result "1-0"]
[Round "04"]
[TimeControl "180+1"]
[Date "2022.03.22"]
[WhiteClock "0:01:04"]
[BlackClock "0:00:19"]

1. Nf3 d5 2. b3 c5 3. e3 a6 4. Bb2 Nc6 5. d4 Bg4 6. Be2 cxd4 7. Nxd4 Bxe2 8. Qxe2 Nxd4 9. Bxd4 Qc7 10. O-O e5 11. Bb2 Nf6 12. Rc1 O-O-O 13. c4 d4 14. exd4 exd4 15. Nd2 d3 16. Qf3 Bb4 17. Rd1 Rhe8 18. Nf1 Ne4 19. Rxd3 Rxd3 20. Qxd3 Bc5 21. Bd4 Qd7 22. Rd1 f5 23. Bxc5 Nxc5 24. Qxd7+ Nxd7 25. Ne3 g6 26. Kf1 Kc7 27. Nd5+ Kc6 28. f3 a5 29. Kf2 Nc5 30. Nc3 f4 31. Nb5 b6 32. Rd6+ Kb7 33. Rd4 Rf8 34. Nc3 g5 35. Ne4 Ne6 36. Rd6 Re8 37. Rd7+ Kc6 38. Rxh7 Rd8 39. Rh6 1-0


[Site "https://www.chess.com"]

[Event "Titled Tuesday Blitz March 22 Late 2022"]
[White "Janaszak, Dawid"]
[Black "Fier, Alexandr"]
[WhiteFideId "1119206"]
[BlackFideId "2107139"]
[WhiteElo "2199"]
[BlackElo "2571"]
[Result "1-0"]
[Round "04"]
[TimeControl "180+1"]
[Date "2022.03.22"]
[WhiteClock "0:00:20"]
[BlackClock "0:02:14"]

1. e4 Nf6 2. e5 Nd5 3. d4 d6 4. Nf3 g6 5. Be2 Bg7 6. O-O O-O 7. exd6 cxd6 8. c3 Nc6 9. Re1 e5 10. dxe5 dxe5 11. Bb5 Re8 12. Na3 e4 13. Nd4 Bd7 14. Nxc6 bxc6 15. Bf1 h5 16. Nc4 Bg4 17. Qa4 Qd7 18. h3 Bf5 19. Ne3 Be6 20. Nxd5 cxd5 21. Bb5 Qe7 22. Bxe8 Rxe8 23. Be3 Rb8 24. Rab1 Rb7 25. Bd4 Bh6 26. b4 Bf4 27. Be3 Be5 28. Bd4 Bf4 29. Be3 Bb8 30. b5 Qh4 31. b6 Bxh3 32. Qe8+ Kh7 33. Bd4 f6 34. bxa7 Bh2+ 35. Kf1 Qg4 36. Rxb7+ Kh6 37. Qh8+ Kg5 38. Qxf6+ Kh6 39. Be3+ Qg5 40. Bxg5# 1-0


[Site "https://www.chess.com"]

[Event "Titled Tuesday Blitz March 22 Late 2022"]
[White "Janturin, Artur"]
[Black "Clawitter, Craig"]
[WhiteFideId "4130022"]
[BlackFideId "2023105"]
[WhiteElo "2356"]
[BlackElo "2194"]
[Result "0-1"]
[Round "04"]
[TimeControl "180+1"]
[Date "2022.03.22"]
[WhiteClock "0:00:01"]
[BlackClock "0:00:03"]

1. b3 e5 2. Bb2 Nc6 3. e3 Nf6 4. Nf3 e4 5. Nd4 d5 6. d3 Bb4+ 7. c3 Bd6 8. Nxc6 bxc6 9. Nd2 Bf5 10. dxe4 Nxe4 11. Be2 O-O 12. Nxe4 Bxe4 13. Bf3 Re8 14. O-O Qh4 15. g3 Qh3 16. Bxe4 Rxe4 17. Qf3 h5 18. Qg2 Qf5 19. h3 Rae8 20. c4 R8e6 21. cxd5 cxd5 22. Rae1 Rg6 23. f4 Bc5 24. Rf3 Rge6 25. Bc1 d4 26. g4 hxg4 27. hxg4 Qf6 28. Bb2 Rxe3 29. Rfxe3 Rxe3 30. Rxe3 Qxf4 31. Qa8+ Kh7 32. Rh3+ Kg6 33. Qc6+ f6 34. Qf3 d3+ 35. Kg2 Qd2+ 36. Kh1 Qe1+ 37. Kg2 Qg1# 0-1


[Site "https://www.chess.com"]